 Dungeon Crawl Stone Soup version 0.31-a0-117-g42d8f58691 (webtiles) character file.

Game seed: 12650400684390875557

87 metalmilita the Trooper (level 4, 0/49 HPs)
             Began as an Ogre Berserker on May 30, 2023.
             Slain by a scorpion (1 damage)
             ... on level 4 of the Dungeon.
             The game lasted 00:10:01 (3577 turns).

metalmilita the Trooper (Ogre Berserker)            Turns: 3577, Time: 00:10:02

Health: 0/49       AC:  3    Str: 23    XL:     4   Next: 51%
Magic:  4/4        EV:  9    Int:  8    God:
Gold:   113        SH:  6    Dex:  8    Spells: 1/3 levels left

rFire   + . .        a - +0 spear
rCold   . . .        d - +0 kite shield
rNeg    . . .        b - +0 animal skin
rPois   .            (helmet restricted)
rElec   .            (no cloak)
rCorr   .            (gloves unavailable)
SInv    .            (boots unavailable)
Will    .....        (no amulet)
Stlth   +            f - ring of protection from fire
HPRegen 0.28/turn    (no ring)
MPRegen 0.09/turn

%: no passive effects
@: lethally poisoned (0 -> -3)
A: large, unfitting armour, tough skin 1
a: no special abilities


You were on level 4 of the Dungeon.
You visited 1 branch of the dungeon, and saw 4 of its levels.

You collected 113 gold pieces.

Inventory:

Hand Weapons
 a - a +0 spear (weapon)
Missiles
 i - 8 poisoned darts (quivered)
 m - 3 atropa-tipped darts
Armour
 b - a +0 animal skin (worn)
 d - a +0 kite shield (worn)
 q - a +0 plate armour
Jewellery
 f - a ring of protection from fire (left hand)
Scrolls
 c - 2 scrolls of poison {unknown}
 e - 2 scrolls of teleportation {unknown}
 g - 4 scrolls of identify {unknown}
 n - a scroll of noise {unknown}
 o - a scroll of vulnerability {unknown}
 p - 2 scrolls of enchant weapon {unknown}
Potions
 h - a potion of brilliance {unknown}
 j - a potion of mutation {unknown}
 k - a potion of curing {unknown}
 l - a potion of invisibility {unknown}


   Skills:
 + Level 4.4 Fighting
 + Level 3.8 Polearms
 + Level 3.5 Dodging
 + Level 0.4 Stealth
 + Level 1.0 Shields


You had one spell level left.
You knew the following spells:

 Your Spells              Type           Power      Damage    Failure   Level
a - Blink                 Tloc           0%         N/A       85%         2

Your spell library contained the following spells:

 Spells                   Type           Power      Damage    Failure   Level
 Lesser Beckoning         Tloc           0%         N/A       85%         2
 Momentum Strike          Conj/Tloc      0%         3d8       85%         2


Dungeon Overview and Level Annotations

Branches:
Dungeon (4/15)
 Temple: D:4-7

Altars:
Okawaru


Innate Abilities, Weirdness & Mutations

You are too large for most types of armour.
You have tough skin. (AC +1)


Message History

The scorpion is heavily wounded.
You block the scorpion's attack. The dart slug closely misses you.
You hit the scorpion but do no damage.
The scorpion is heavily wounded.
The scorpion stings you. The dart slug bites you. The scorpion stings you.
You closely miss the scorpion.
The scorpion is moderately wounded.
The scorpion stings you.
You are poisoned.
The scorpion poisons you! You block the dart slug's attack.
You barely miss the scorpion.
The scorpion is moderately wounded.
You feel very sick. The scorpion barely misses you.
Really renounce your faith, foregoing its fabulous benefits?
Are you sure?
You have lost your religion!
Trog does not appreciate desertion!
You feel sick. The scorpion closely misses you. The dart slug bites you.
* * * LOW HITPOINT WARNING * * *
You hit the scorpion.
The scorpion is heavily wounded.
You feel sick. The scorpion closely misses you.
The dart slug launches a dart at you. The slug dart hits you.
* * * LOW HITPOINT WARNING * * *
You hit the scorpion but do no damage.
The scorpion is heavily wounded.
* * * LOW HITPOINT WARNING * * *
You feel sick. You block the scorpion's attack.
The scorpion stings you but does no damage.
You hit the scorpion but do no damage.
The scorpion is heavily wounded.
* * * LOW HITPOINT WARNING * * *
You feel sick. The dart slug launches a dart at you. The slug dart hits you.
* * * LOW HITPOINT WARNING * * *
The scorpion stings you.
You die...

#......##
.#.....##
#!......#
#.......#
#.......
####.....#
)..(.....##
#....@..#
#....sw.#
#.......##
##.......#
#...<...#
#........#
#...###......
#..# ....<.
#... ......


You could see a scorpion and a dart slug.

Vanquished Creatures
  2 adders
  2 worms (D:3)
  4 dart slugs
  2 endoplasms
  4 giant cockroaches
  4 goblins
  4 hobgoblins
  4 jackals
  4 kobolds
  5 quokkas
  3 ball pythons
  9 bats
  A frilled lizard (D:1)
  3 rats
51 creatures vanquished.

Notes
Turn   | Place    | Note
-------+----------+-------------------------------------------
     0 | D:1      | metalmilita the Ogre Berserker began the quest for the Orb.
     0 | D:1      | Reached XP level 1. HP: 24/24 MP: 1/1
   373 | D:1      | Reached XP level 2. HP: 32/32 MP: 2/2
   518 | D:1      | Found a faded altar of an unknown god.
  1190 | D:1      | Reached XP level 3. HP: 38/40 MP: 3/3
  1510 | D:2      | Reached ** piety under Trog
  1736 | D:2      | Found an iron altar of Okawaru.
  1826 | D:2      | Identified the +1 sling "Conservator" {drain, rPois}
  2420 | D:3      | Reached XP level 4. HP: 44/49 MP: 4/4
  2710 | D:3      | Was placed under penance by Trog
  2713 | D:3      | Learned a level 2 spell: Blink
  3105 | D:3      | Reached skill level 1 in Shields
  3550 | D:4      | Noticed a scorpion
  3574 | D:4      | Fell from the grace of Trog
  3577 | D:4      | HP: 2/49 [poisoned by a scorpion]
  3577 | D:4      | Slain by a scorpion

Illustrated notes

Levels and vault maps discovered:
D:1:      spicycebolla_green_bress_n_ham, layout_basic,
          chequers_ecumenical_altar_grove, minmay_pentomino_v2
D:2:      layout_loops_cross, basic_altar, dk_noncrumbling_3
D:3:      layout_loops_corners, grunt_ministairs_1
D:4:      layout_rooms, nicolae_overflow_hidden_temple, kennysheep_mini_moat,
          jmf_multi_god_temple2, grunt_decor_resistance, uniq_ijyb

Skill      XL: |  1  2  3  4 |
---------------+-------------+-----
Dodging        | 3 |  3.5
Shields        | 1 |  1.0
Fighting       | |  4.4
Polearms       | |  3.8
Stealth        | |  0.4

Action                     |  1- 3 |  4- 6 || total
---------------------------+-------+-------++-------
  Melee: Spear             |   167 |    96 ||   263
 Invoke: Renounce Religion |       |     1 ||     1
 Armour: Animal skin       |    76 |    37 ||   113
  Dodge: Dodged            |    81 |    47 ||   128
  Block: Kite shield       |    49 |    32 ||    81

Table legend: (Time is in decaauts)
 A = Elapsed time spent in this place.
 B = Non-inter-level travel time spent in this place.
 C = Inter-level travel time spent in this place.
 D = Time resting spent in this place.
 E = Time spent auto-exploring this place.
 F = Levels seen in this place.
 G = Mean time per level.
                   A        B        C        D        E       F      G
               +--------+--------+--------+--------+--------+-----+--------+
         Total |   3593 |   3436 |    157 |    434 |   2307 |   4 |  898.2 |
       Dungeon |   3593 |   3436 |    157 |    434 |   2307 |   4 |  898.2 |
               +--------+--------+--------+--------+--------+-----+--------+

Top non-repeatable levels by time:
     D:1: 1406 daAuts
     D:3: 1272 daAuts
     D:2: 886 daAuts
     D:4: 27 daAuts
